cohdb
Replays
Latest Replays
All Replays
Popular Replays
Top Player Replays
Match Explorer
How It Works
Community
CoH3 Stats
Reddit
Sign in to upload your games and track your stats! →
Sign in with Steam
Match 45741777
Unlisted
Match 45741777
Overview
Messages
Build Orders
End
Construct Infanterie Kompanie
Pioneer Squad
Grenadier Squad
Grenadier Squad
Grenadier Squad
Grenadier Squad
Medical Station
Construct Panzergrenadier Kompanie
Pak 40 Anti-tank Gun Team
Selects Mechanized Battlegroup
Selects Raid Package
Selects 8 Rad Armored Car
8 Rad Armored Car
Panzergrenadier Squad
Panzergrenadier Officer Quarters
Medical Bunker
8 Rad Armored Car
Construct Panzer Kompanie
Selects Spotting Scopes
Selects Wespe Self-propelled Artillery
Rei
Nicko
nub
oziligath
0
0
Comments
sign in to comment!
No comments posted yet!